AoeStats
← Saryle

Arena

510558525Analyzed
1v1 RM · 16h ago on Oct 1, 2026· 43m 29s· 2 players
Game mode
Random Map
Map size
Tiny (2 player)
Population
200
Speed
Normal
Resources
Standard
Victory
Conquest
Starting age
Dark Age
Ending age
Imperial Age
RankedLock teamsTeams togetherTeam positionsShared explorationLock speedFull tech treeHidden civsTurbo modeCheats
Victory
Defeat
🇫🇷 Magyars · France
818
+18
🇪🇸 Spanish · Spain
851
-18
Saryle
12:14 Feudal Age
12:39 Man-at-Arms
14:56 Horse Collar
15:10 Double-Bit Axe
15:12 Town Watch
23:20 Castle Age
21:48 Stone Mining
21:49 Gold Mining
22:14 Scale Mail Armor
23:17 Padded Archer Armor
23:24 Scale Barding Armor
27:41 Heavy Plow
28:21 Bow Saw
28:14 Pikeman
30:51 Corvinian Army
33:16 Wheelbarrow
32:26 Loom
38:20 Imperial Age
38:25 Halberdier
40:07 Capped Ram
41:02 Husbandry
43:12 Cavalier
luis.eduardo.briceno
0:43 Loom
11:30 Feudal Age
13:02 Wheelbarrow
14:07 Double-Bit Axe
14:05 Horse Collar
21:38 Castle Age
21:59 Fletching
22:56 Hand Cart
22:52 Heavy Plow
22:51 Bodkin Arrow
23:20 Scale Barding Armor
23:35 Bow Saw
27:42 Gold Mining
32:02 Imperial Age
Connection lost

Rejoining the realm…

Still unreachable

The connection could not be restored.

Session expired

The server has moved on; the page needs a fresh start.